 Dungeon Crawl Stone Soup version 0.30.1-11-g7821555f0a (webtiles) character file.

Game seed: 8623986722978943804

2 comborobin the Sneak (level 1, 0/19 HPs)
             Began as a Minotaur Delver on Nov 19, 2023.
             Was an Initiate of Trog.
             Slain by an elf zombie (6 damage)
             ... on level 5 of the Dungeon.
             The game lasted 00:00:53 (143 turns).

comborobin the Sneak (Minotaur Delver)               Turns: 143, Time: 00:00:54

Health: 0/19       AC:  3    Str: 16    XL:     1   Next: 25%
Magic:  0/0        EV: 11    Int:  7    God:    Trog [......]
Gold:   0          SH:  0    Dex: 11    Spells: 0/0 levels left

rFire   . . .        d - +0 war axe
rCold   . . .        (no shield)
rNeg    . . .        b - +0 leather armour
rPois   .            (helmet restricted)
rElec   .            (no cloak)
rCorr   .            (no gloves)
SInv    .            (no boots)
Will    .....        (no amulet)
Stlth   ++           (no ring)
HPRegen 0.23/turn    (no ring)
MPRegen 0.07/turn

%: no passive effects
@: hasted, very quick
A: horns 2, retaliatory headbutt
a: Renounce Religion


You were on level 5 of the Dungeon.
You worshipped Trog.
Trog was noncommittal.
You visited 2 branches of the dungeon, and saw 4 of its levels.

Inventory:

Hand Weapons
 a - a +0 hand axe
 d - a +0 war axe (weapon)
Armour
 b - a +0 leather armour (worn)
 h - a +0 tower shield
Wands
 g - a wand of digging (3)
Scrolls
 c - a scroll of fog
 e - a scroll of fear


   Skills:
 - Level 3.6 Fighting
 * Level 2.7 Axes
 - Level 2.1 Dodging
 - Level 4.1 Stealth


You couldn't memorise any spells.
You didn't know any spells.
Your spell library was empty.

Dungeon Overview and Level Annotations

Branches:
Dungeon (6/15)             Temple (1/1) D:4

Altars:
Ashenzari
Cheibriados
Elyvilon
Fedhas
Kikubaaqudgha
Makhleb
Okawaru
Sif Muna
Trog
Uskayaw
Xom

Annotations:
D:6 Sigmund
Temple 2 transporters


Innate Abilities, Weirdness & Mutations

You have a pair of horns on your head.
You reflexively headbutt those who attack you in melee.


Message History

You climb downwards.
You hear the hiss of flowing sand.
There is an entrance to an ossuary on this level.
Hurry and find it before the portal is buried!
There is a stone staircase leading up here.
Unknown command.
Okay, then.
Okay, then.
You open the door.
An elf zombie comes into view.
There is an open door here.
The elf zombie hits you but does no damage.
You barely miss the elf zombie. You headbutt the elf zombie!
The elf zombie is lightly damaged.
The elf zombie hits you.
You hit the elf zombie.
The elf zombie is moderately damaged.
You hear the slow hiss of an avalanche of sand.
The elf zombie barely misses you.
You barely miss the elf zombie.
The elf zombie is moderately damaged.
The elf zombie hits you but does no damage.
You hit the elf zombie.
The elf zombie is moderately damaged.
The elf zombie hits you!
You hit the elf zombie.
The elf zombie is moderately damaged.
The elf zombie barely misses you.
You hit the elf zombie.
The elf zombie is moderately damaged.
The elf zombie barely misses you.
You barely miss the elf zombie. You headbutt the elf zombie.
The elf zombie is heavily damaged.
The elf zombie hits you but does no damage.
You slash the elf zombie!
The elf zombie is heavily damaged.
The elf zombie hits you.
* * * LOW HITPOINT WARNING * * *
There is an open door here.
You feel yourself speed up. The elf zombie hits you.
You die...

*,**,* *,**,******
********* *****,**,* *
*,*∩*,*,* *,,,,,,,,******
*+*+*+*+***,***,,,,,,,,,,
*,+,,,+,*,*,*************
***,,,***,,,,,,,,,,,,,,,,
*,+,,,+,***,,,,,,********
*+*+#+#####*****,*
*,*,#..Z@.# *,*
****#####.### *,# #.....#
*.# #####.####.### *
#.##.....# *
#.##>#**,###*** #<##.#
*...,,,, #.##.###.#****,
#.##.....# *,


You could see an elf zombie.

Vanquished Creatures
  A giant cockroach (D:4)
  A ball python (D:4)
  A butterfly (D:4)
3 creatures vanquished.

Notes
Turn   | Place    | Note
-------+----------+-------------------------------------------
     0 | D:5      | comborobin the Minotaur Delver began the quest for the Orb.
     0 | D:5      | Reached XP level 1. HP: 19/19 MP: 0/0
     1 | D:6      | Noticed Sigmund
     2 | D:6      | Noticed a gnoll bouda
    20 | D:4      | Found a staircase to the Ecumenical Temple.
    49 | Temple   | Entered the Ecumenical Temple
    49 | Temple   | Found a transporter.
    49 | Temple   | Found a transporter.
    51 | Temple   | Found a transporter.
    51 | Temple   | Found a transporter.
    66 | Temple   | Became a worshipper of Trog the Wrathful
   143 | D:5      | Slain by an elf zombie

Illustrated notes

Levels and vault maps discovered:
D:4:      minmay_thinvault, layout_cave_pods, minmay_temple_entry_butterflies,
          ebering_ghost_rock_garden, uniq_blork_the_orc, uniq_ijyb,
          uniq_menkaure
D:5:      layout_loops_ring, vehumet_statue, nicolae_ossuary_entry_catacombs
D:6:      layout_basic, mainiacjoe_overflow_small_starburst, uniq_sigmund,
          uniq_pikel
Temple:   hellmonk_temple_divided_pantheon

Action                     || total
---------------------------++-------
  Melee: War axe           ||     8
         Headbutt          ||     2
         Hand axe          ||     1
    Use: Scroll            ||     1
         Potion            ||     1
   Stab: Sleeping          ||     1
 Armour: Leather armour    ||     3
  Dodge: Dodged            ||     8
